 Dungeon Crawl Stone Soup version 0.29.1-15-g9cfb28693d (webtiles) character file.

Game seed: 2729901814761136387

753 redmage the Digger (level 8, 0/57 HPs)
             Began as a Meteoran Earth Elementalist on Sept 13, 2023.
             Slain by a water moccasin (5 damage)
             ... on level 6 of the Dungeon.
             The game lasted 00:12:49 (1126 turns).

redmage the Digger (Meteoran Earth Elementalist)    Turns: 1126, Time: 00:12:49

Health: 0/57       AC:  2    Str:  9    XL:     8   Next: 27%
Magic:  2/18       EV: 12    Int: 18    God:
Gold:   115        SH:  0    Dex: 16    Spells: 14/20 levels left

rFire   + . .      SeeInvis .   s - +4 long sword (freeze)
rCold   + . .      Faith    .   (no shield)
rNeg    . . .      Spirit   .   a - +0 robe
rPois   .          Reflect  .   (no helmet)
rElec   .          Harm     .   b - scarf {rC+ rF+}
rCorr   .          Rampage  .   (no gloves)
Will    +....                   (no boots)
Stlth   +.........              (no amulet)
HPRegen 0.19/turn               (no ring)
MPRegen 0.16/turn               (no ring)

@: mighty, brilliant, lethally poisoned (0 -> -5), glowing
A: sense surroundings 1, otherworldly, glowing, explore regen
a: no special abilities


You were on level 6 of the Dungeon.
You visited 1 branch of the dungeon, and saw 7 of its levels.

You collected 127 gold pieces.
You spent 12 gold pieces at shops.

Inventory:

Hand Weapons
 s - a +4 long sword of freezing (weapon)
Missiles
 c - 4 atropa-tipped darts (quivered)
Armour
 a - a +0 robe (worn)
 b - a scarf of resistance (worn)
 j - the +8 chain mail of Luyppoh {Int+2}
   (You found it on level 4 of the Dungeon)

   Int:       It affects your intelligence (+2).
 r - a +2 kite shield
Wands
 k - a wand of quicksilver (5)
 q - a wand of digging (9)
Scrolls
 f - a scroll of noise {unknown}
 g - 2 scrolls of identify {unknown}
 l - a scroll of fog
 n - a scroll of silence {unknown}
 o - a scroll of poison {unknown}
 p - a scroll of vulnerability {unknown}
Potions
 h - a potion of resistance {unknown}
 m - a potion of curing {unknown}


   Skills:
 - Level 2.4 Dodging
 - Level 1.4 Stealth
 + Level 6.5 Spellcasting
 + Level 4.8 Conjurations
 - Level 1.3 Transmutations
 + Level 7.1 Earth Magic


You had 14 spell levels left.
You knew the following spells:

 Your Spells              Type           Power      Damage    Failure   Level
a - Sandblast             Erth           94%        2d19      1%          1
b - Passwall              Tmut/Erth      25%        N/A       3%          2
c - Stone Arrow           Conj/Erth      82%        3d12      3%          3

Your spell library contained the following spells:

 Spells                   Type           Power      Damage    Failure   Level
 Foxfire                  Conj/Fire      84%        2x1d8     4%          1
 Necrotise                Necr           32%        1d5       12%         1
 Conjure Flame            Conj/Fire      21%        6-21      13%         3
 Petrify                  Tmut/Erth      31%        N/A       21%         4
 Inner Flame              Hex/Fire       8%         N/A       34%         3
 Vampiric Draining        Necr           8%         2d6       34%         3
 Flame Wave               Conj/Fire      21%        2d8       38%         4
 Agony                    Necr           8%         N/A       97%         5


Dungeon Overview and Level Annotations

Branches:
Dungeon (7/15) Zot: 3040
 Temple: D:4-7

Altars:

Shops:
D:3 !


Innate Abilities, Weirdness & Mutations

You passively map a small area around you.
You are easily found by Zot.
You glow in the dark.
You regain HP and MP as you explore.


Message History

Casting: Sandblast (safe; 1% risk of failure)
Confirm with . or Enter, or press ? or * to list all spells.
Okay, then.
You hit the adder. You freeze the adder.
The adder is moderately wounded.
The water moccasin bites you.
You are poisoned.
The water moccasin poisons you!
Casting: Sandblast (safe; 1% risk of failure)
Confirm with . or Enter, or press ? or * to list all spells.
Aiming: Stone Arrow (dangerous; 3% risk of failure)
Press: ? - help, Shift-Dir - straight line, f - water moccasin
Aim: a water moccasin (53% to hit)
The stone arrow misses the water moccasin.
You feel very sick. The water moccasin bites you.
Unknown command.
Unknown command.
Unknown command.
Casting: Stone Arrow (dangerous; 3% risk of failure)
Confirm with . or Enter, or press ? or * to list all spells.
Aiming: Stone Arrow (dangerous; 3% risk of failure)
Press: ? - help, Shift-Dir - straight line, f/p - water moccasin
Aim: a water moccasin (53% to hit)
The stone arrow hits the water moccasin!
The water moccasin is moderately wounded.
You feel sick. The water moccasin bites you. The adder completely misses you.
The water moccasin bites you!
* * * LOW HITPOINT WARNING * * *
Okay, then.
It was a potion of might.
You feel very mighty all of a sudden.
You feel sick. The adder bites you.
* * * LOW HITPOINT WARNING * * *
The water moccasin closely misses you. The adder closely misses you.
It was a potion of brilliance.
You feel clever all of a sudden.
* * * LOW HITPOINT WARNING * * *
You feel sick. The water moccasin bites you.
You die...

...#
#............#
...#
#.....)......#
...#
#............#
...#*
*##...........#
.....,
#...........#
.....
#.....##....#
###..,
,#....>#######
*
,+...........#
#.....S@....#
#.....S...?.#
#...........#
#...........# ,
#.....$.....# ,
, #...........#
,#.....?..:..#
#...)....$..# *
, ,


You could see a water moccasin and an adder.

Vanquished Creatures
  A black bear (D:5)
  An ogre (D:5)
  A bullfrog (D:5)
  A scorpion (D:5)
  5 wights (D:6)
  2 hounds
  2 iguanas
  3 gnolls (D:6)
  An adder (D:5)
  A white imp (D:6)
  2 ufetubi
  2 worms
  2 orcs
  2 bats
  An endoplasm (D:2)
  A giant cockroach (D:4)
  2 goblins (D:4)
  A hobgoblin (D:3)
  A quokka (D:5)
  A ball python (D:3)
  2 frilled lizards
  3 kobolds
  A rat (D:3)
39 creatures vanquished.

Notes
Turn   | Place    | Note
-------+----------+-------------------------------------------
     0 | D:1      | redmage the Meteoran Earth Elementalist began the quest for
                  | the Orb.
     0 | D:1      | Reached XP level 1. HP: 14/14 MP: 5/5
    65 | D:3      | Reached XP level 2. HP: 20/20 MP: 0/7
    68 | D:3      | Learned a level 2 spell: Passwall
    85 | D:2      | Reached skill level 4 in Earth Magic
   155 | D:3      | Found Goetries's Distillery.
   163 | D:3      | Bought a potion of degeneration for 12 gold pieces
   218 | D:3      | You fall into a shaft and drop 3 floors!
   253 | D:6      | Reached XP level 3. HP: 26/26 MP: 5/8
   257 | D:6      | Reached XP level 4. HP: 28/33 MP: 2/10
   262 | D:6      | HP: 1/33 [iguana (2)]
   271 | D:6      | Learned a level 3 spell: Stone Arrow
   303 | D:5      | Entered Level 5 of the Dungeon
   328 | D:5      | Noticed a scorpion
   332 | D:5      | Killed a scorpion
   333 | D:5      | Reached skill level 1 in Conjurations
   333 | D:5      | Reached skill level 5 in Earth Magic
   333 | D:5      | Reached XP level 5. HP: 38/38 MP: 9/12
   418 | D:6      | Reached XP level 6. HP: 45/45 MP: 10/14
   463 | D:3      | Found a faded altar of an unknown god.
   541 | D:4      | Identified the +8 chain mail of Luyppoh {Int+2}
   777 | D:5      | Reached skill level 5 in Spellcasting
   809 | D:5      | Noticed an ogre
   810 | D:5      | Noticed a black bear
   839 | D:5      | HP: 1/45 [ogre/+0 giant club (32)]
   841 | D:5      | Killed an ogre
   842 | D:5      | Reached skill level 6 in Earth Magic
   842 | D:5      | Reached XP level 7. HP: 2/50 MP: 6/16
  1055 | D:6      | Reached XP level 8. HP: 57/57 MP: 4/18
  1109 | D:6      | Reached skill level 7 in Earth Magic
  1126 | D:6      | Slain by a water moccasin

Illustrated notes

Levels and vault maps discovered:
D:1:      tarquinn_simple_flora_water_f, layout_loops_ring,
          kennysheep_flooded_box
D:2:      layout_basic, basic_altar, minmay_misc_feat_columns, item_on_display_a
D:3:      layout_loops_corners, serial_shops, shop,
          hellmonk_ecumenical_altar_arch_garden
D:4:      layout_basic
D:5:      minmay_recursive_quarters, layout_basic
D:6:      layout_gridville
D:7:      layout_rooms, grunt_temple_overflow_open, temple_doors_e,
          minmay_misc_feat_enclosed

Skill      XL: |  1  2  3  4  5  6  7  8 |
---------------+-------------------------+-----
Spellcasting   | 3 4 5 6 |  6.5
Earth Magic    | 4 5 6 7 |  7.1
Conjurations   | 1 2 3 4 |  4.8
Dodging        | |  2.4
Stealth        | |  1.4
Transmutations | |  1.3

Action                   |  1- 3 |  4- 6 |  7- 9 || total
-------------------------+-------+-------+-------++-------
Melee: Dagger            |       |     1 |     1 ||     2
       Long sword        |       |       |     1 ||     1
Throw: Dart              |       |     1 |       ||     1
 Cast: Sandblast         |    23 |    33 |    11 ||    67
       Passwall          |       |     9 |     6 ||    15
       Stone Arrow       |       |     3 |    16 ||    19
  Use: Potion            |       |     1 |     2 ||     3
       Scroll            |       |     3 |       ||     3
Armor: Robe              |       |     1 |     2 ||     3
Dodge: Dodged            |     7 |    15 |     7 ||    29
